 Dungeon Crawl Stone Soup version 0.27.0-1-g7a089689b8 (webtiles) character file.

Game seed: 8599590729696351752

8808 ABBCCCDDDD the Cleaver (level 11, -4/142 HPs)
             Began as a Minotaur Berserker on Aug 8, 2021.
             Was an Elder of Trog.
             Engulfed by a death drake (shapeshifter)'s foul pestilence (6 damage)
             ... on level 9 of the Dungeon.
             The game lasted 00:11:13 (8086 turns).

ABBCCCDDDD the Cleaver (Minotaur Berserker)         Turns: 8086, Time: 00:11:13

Health: -4/142     AC: 17    Str: 26    XL:     11   Next: 14%
Magic:  10/10      EV:  8    Int:  7    God:    Trog [****..]
Gold:   577        SH: 14    Dex:  9    Spells: 10/10 levels left

rFire    + . .     SeeInvis .   y - +2 hand axe (freeze)
rCold    . . .     Faith    .   G - +2 kite shield
rNeg     + . .     Spirit   .   E - +0 plate armour
rPois    .         Reflect  .   J - +2 hat {Int+3}
rElec    .         Harm     .   (no cloak)
rCorr    .         Rampage  .   x - +0 pair of gloves
Will     ++...                  (no boots)
Stlth    ..........             q - amulet of regeneration
HPRegen  2.33/turn              d - ring of protection from fire
MPRegen  0.12/turn              i - ring of positive energy

@: berserking, lethally poisoned (-4 -> -37), strong-willed, regenerating,
slowed
A: horns 2, retaliatory headbutt
a: Renounce Religion, Berserk, Trog's Hand, Brothers in Arms


You were on level 9 of the Dungeon.
You worshipped Trog.
Trog was greatly pleased with you.
You visited 1 branch of the dungeon, and saw 9 of its levels.

You collected 577 gold pieces.

Inventory:

Hand Weapons
 t - a +0 hand axe of electrocution
 y - a +2 hand axe of freezing (weapon)
Missiles
 l - 7 datura-tipped darts (quivered)
 w - a throwing net
Armour
 x - a +0 pair of gloves (worn)
 E - a +0 plate armour (worn)
 G - a +2 kite shield (worn)
 J - a +2 hat of intelligence (worn)
Jewellery
 d - a ring of protection from fire (left hand)
 i - a ring of positive energy (right hand)
 q - an amulet of regeneration (around neck)
 L - a +6 ring of strength
 P - a +6 ring of intelligence
Wands
 m - a wand of iceblast (17)
 F - a wand of acid (20)
 H - a wand of flame (29)
 M - a wand of digging (4)
 N - a wand of mindburst (6)
Scrolls
 b - 3 scrolls of teleportation {unknown}
 e - 2 scrolls of vulnerability {unknown}
 f - 2 scrolls of enchant weapon {unknown}
 g - 4 scrolls of identify {unknown}
 h - 3 scrolls of noise {unknown}
 k - a scroll of fear {unknown}
 o - a scroll of acquirement {unknown}
 p - 3 scrolls of summoning {unknown}
 s - a scroll of blinking {unknown}
 v - 2 scrolls of amnesia {unknown}
 B - 3 scrolls of enchant armour {unknown}
 C - 2 scrolls of magic mapping {unknown}
 D - a scroll of holy word {unknown}
 K - 2 scrolls of immolation {unknown}
Potions
 a - 3 potions of heal wounds
 c - a potion of mutation {unknown}
 j - 2 potions of might {unknown}
 n - 2 potions of curing {unknown}
 r - a potion of attraction {unknown}
 u - a potion of brilliance {unknown}
 z - a potion of invisibility {unknown}
 A - a potion of flight {unknown}
 I - 5 potions of haste {unknown}
 O - a potion of cancellation {unknown}


   Skills:
 - Level 8.4 Fighting
 - Level 11.2 Axes
 + Level 8.5 Armour
 + Level 7.7 Dodging
 * Level 11.2 Shields


You had 10 spell levels left.
You didn't know any spells.
Your spell library was empty.

Dungeon Overview and Level Annotations

Branches:
Dungeon (9/15)             Temple (0/1) D:7            Lair (0/6) D:9
    Orc: D:9-12

Altars:
Ashenzari
Cheibriados
Gozag
Hepliaklqana
Makhleb
Qazlal
Trog
Uskayaw
Vehumet
Wu Jian
Yredelemnul
The Shining One

Shops:
D:3 =

Annotations:
D:3 exclusion: upstairs
D:6 2 transporters, coffeespoons's ghost, novice OpCj
D:7 2 runed translucent doors, Nordron's ghost, novice PaGl
D:9 exclusion: 2 doors


Innate Abilities, Weirdness & Mutations

You have a pair of horns on your head.
You reflexively headbutt those who attack you in melee.


Message History

You are more poisoned.
You feel extremely sick. The death drake breathes miasma at you.
The foul vapour engulfs you!
You are more poisoned.
The death drake bites you but does no damage.
You slash the death drake!
The death drake seems to slow down.
You freeze the death drake. Your headbutt misses the death drake.
The death drake is moderately wounded.
You feel extremely sick. The death drake bites you.
* * * LOW HITPOINT WARNING * * *
You slash the death drake!
The death drake seems to slow down.
You freeze the death drake.
The death drake is heavily wounded.
You feel extremely sick.
You closely miss the death drake. Your headbutt misses the death drake.
The death drake is heavily wounded.
You feel extremely sick.
The death drake bites you but does no damage.
You miss the death drake.
The death drake is moderately wounded.
You feel very sick.
The death drake bites you but does no damage.
You slash the death drake! You freeze the death drake.
The death drake is heavily wounded.
You feel very sick.
You miss the death drake.
The death drake is heavily wounded.
You feel very sick. The death drake breathes miasma at you.
The foul vapour engulfs you!
You are more poisoned.
* * * LOW HITPOINT WARNING * * *
You are too berserk!
You barely miss the death drake.
The death drake is heavily wounded.
You are engulfed in dark miasma.
You are more poisoned.
You die...

####......§≈.. .#
.....≈.≈...≈§≈..# .###
##....≈.≈._$≈.≈..
..|###.....≈.≈...≈.≈.#
..##.....#.≈.≈≈≈≈≈§§§#
.........#.≈.§§...§§§#
...##....#.≈§§○≈≈≈§≈.#
....###.....§§.○k○○..#
...## #...######@○#
....###.......○○○##
...###.....#######
#### ##...## ##.## #.#
###


You could see a death drake (slow, catching breath).

Vanquished Creatures
  Gastronok (D:8)
  2 two-headed ogres (D:9)
  Pikel (D:9)
  2 cyclopes (D:9)
  A komodo dragon (D:9)
  Prince Ribbit (D:8)
  Sigmund (D:2)
  4 hogs (D:7)
  A human (D:7)
  A water moccasin (D:8)
  4 orc warriors
  A sky beast (D:7)
  3 centaurs
  An ogre (D:4)
  2 phantoms (D:5)
  3 lemures (D:9)
  4 kobold brigands
  2 scorpions
  6 bullfrogs
  A water moccasin skeleton (D:4)
  A killer bee (D:9)
  3 howler monkeys
  9 wights
  A crimson imp (D:9)
  3 bullfrog zombies
  4 centaur zombies (D:9)
  A jelly (D:8)
  2 gnoll shamans (D:9)
  6 orc priests
  A centaur skeleton (D:6)
  Natasha (thrice) (D:2)
  3 iguanas
  3 orc wizards (D:9)
  A killer bee zombie (D:7)
  A centaur simulacrum (D:9)
  A howler monkey zombie (D:8)
  6 adders
  5 gnolls
  A shadow imp (D:6)
  2 white imps
  An ufetubus (D:5)
  An adder skeleton (D:4)
  4 dart slugs
  21 orcs
  10 endoplasms
  3 giant cockroaches
  6 goblins
  9 hobgoblins
  6 jackals
  A quokka (D:1)
  5 ball pythons
  4 bats
  5 frilled lizards
  17 kobolds
  5 rats
197 creatures vanquished.

Vanquished Creatures (others)
  A bullfrog (D:6)
  A centaur skeleton (D:6)
  A gnoll (D:6)
  5 orcs (D:6)
  6 plants
14 creatures vanquished.

Grand Total: 211 creatures vanquished

Notes
Turn   | Place    | Note
-------+----------+-------------------------------------------
     0 | D:1      | ABBCCCDDDD the Minotaur Berserker began the quest for the
                  | Orb.
     0 | D:1      | Reached XP level 1. HP: 19/19 MP: 0/0
   269 | D:1      | Reached XP level 2. HP: 26/27 MP: 1/1
   519 | D:1      | Reached ** piety under Trog
   715 | D:1      | Reached XP level 3. HP: 33/33 MP: 2/2
  1146 | D:2      | Found a faded altar of an unknown god.
  1208 | D:2      | Noticed Sigmund
  1215 | D:2      | Killed Sigmund
  1216 | D:2      | Reached skill level 5 in Fighting
  1216 | D:2      | Reached XP level 4. HP: 39/42 MP: 3/3
  1216 | D:2      | Reached XP level 5. HP: 45/48 MP: 4/4
  1870 | D:2      | Noticed Natasha
  1876 | D:2      | Killed Natasha
  1877 | D:2      | Reached XP level 6. HP: 50/56 MP: 5/5
  1970 | D:2      | Noticed Natasha
  1976 | D:2      | Killed Natasha
  1976 | D:2      | Reached *** piety under Trog
  2033 | D:2      | Noticed Natasha
  2040 | D:2      | Killed Natasha
  2836 | D:3      | Found a snail-covered altar of Cheibriados.
  2852 | D:3      | Found Ylayntua's Jewellery Shop.
  3079 | D:3      | Found a hazy altar of Hepliaklqana.
  3404 | D:4      | Reached XP level 7. HP: 62/63 MP: 6/6
  3988 | D:5      | Entered Level 5 of the Dungeon
  4013 | D:5      | Found an opulent altar of Gozag.
  4506 | D:5      | You fall into a shaft and drop 3 floors!
  4599 | D:7      | Reached XP level 8. HP: 68/73 MP: 7/7
  4674 | D:6      | Reached skill level 10 in Axes
  4888 | D:6      | Found an ornate altar of the Wu Jian Council.
  4940 | D:6      | Found a stormy altar of Qazlal.
  4952 | D:6      | Reached **** piety under Trog
  5148 | D:6      | Noticed coffeespoons's ghost (novice OpCj)
  5149 | D:6      | Found a transporter.
  5153 | D:6      | Found a transporter.
  5778 | D:7      | Found a staircase to the Ecumenical Temple.
  5847 | D:7      | Found a hide-covered altar of Uskayaw.
  5872 | D:7      | Reached skill level 1 in Shields
  6068 | D:7      | Found a large runed translucent door.
  6100 | D:7      | Found a large runed translucent door.
  6100 | D:7      | Noticed Nordron's ghost (novice PaGl)
  6374 | D:7      | Reached XP level 9. HP: 76/82 MP: 8/8
  6540 | D:8      | Reached skill level 5 in Shields
  6612 | D:8      | Noticed Gastronok
  6627 | D:8      | Killed Gastronok
  6628 | D:8      | Reached skill level 5 in Dodging
  6628 | D:8      | Reached XP level 10. HP: 90/90 MP: 9/9
  6712 | D:8      | Found a basalt altar of Yredelemnul.
  6712 | D:8      | Found a burning altar of Makhleb.
  6720 | D:8      | Found a glowing golden altar of the Shining One.
  6722 | D:8      | Found a broken altar of Ashenzari.
  6724 | D:8      | Found a faded altar of an unknown god.
  6770 | D:8      | Noticed Prince Ribbit
  6785 | D:8      | Killed Prince Ribbit
  7043 | D:8      | Found a bloodstained altar of Trog.
  7287 | D:9      | Noticed a six-headed hydra
  7381 | D:9      | Noticed a cyclops
  7381 | D:9      | Noticed a two-headed ogre
  7390 | D:9      | Killed a two-headed ogre
  7394 | D:9      | Killed a cyclops
  7489 | D:9      | Reached skill level 10 in Shields
  7618 | D:9      | Found a staircase to the Lair.
  7665 | D:9      | Noticed a cyclops
  7666 | D:9      | Noticed a two-headed ogre
  7674 | D:9      | Killed a two-headed ogre
  7681 | D:9      | Killed a cyclops
  7682 | D:9      | Reached XP level 11. HP: 95/95 MP: 10/10
  7787 | D:9      | Noticed Pikel
  7809 | D:9      | Killed Pikel
  8061 | D:9      | Found a radiant altar of Vehumet.
  8072 | D:9      | Noticed a death drake
  8085 | D:9      | HP: 2/142 [death drake (shapeshifter)/foul vapour (12)]
  8086 | D:9      | Engulfed by a death drake (shapeshifter)'s foul pestilence

Illustrated notes

Levels and vault maps discovered:
D:1:      dpeg_arrival_solitude, layout_loops_ring, minmay_split_cup_large
D:2:      layout_basic, serial_co_window_serial, co_window_of_opportunity_a,
          co_window_paths_a, co_window_of_opportunity_a, co_window_paths_a,
          co_window_paths_b, co_window_corner_ca, co_window_broadway_c,
          co_window_2corner, co_window_unsneaky_path_b, co_window_2corner,
          co_window_unsneaky_path_a, co_window_4corner_b, glass_columns_a,
          glass_columns_a, chequers_ecumenical_altar_grove,
          roderic_three_in_a_row, minmay_quantized, uniq_sigmund, uniq_natasha
D:3:      layout_rooms, mainiacjoe_overflow_chevrons, mainiacjoe_overflow_paths,
          serial_shops, nicolae_shop_statue_plus
D:4:      layout_rooms, minmay_misc_feat_diagonals, bh_walls_and_bars
D:5:      layout_basic, grunt_gozag_breadcrumbs, minmay_misc_feat_square
D:6:      layout_loops_corners, mainiacjoe_overflow_alcove_1,
          mainiacjoe_overflow_catwalk, gammafunk_ghost_smash,
          lemuel_flame_loot_1
D:7:      layout_rooms, mainiacjoe_overflow_six_doors_small,
          minmay_temple_entry_fiery, ebering_ghost_disaster_area,
          grunt_livestock, chequers_arboretum, sigmund_army
D:8:      layout_gridville, lightli_temple_of_fire,
          chequers_temple_overflow_minitemple, minmay_quadrilaterals,
          uniq_prince_ribbit1, uniq_gastronok
D:9:      minmay_the_grid_octo_2x2 [minmay_the_grid_octo_clover,
          minmay_the_grid_octo_fat_diamond, minmay_the_grid_octo_teeth,
          minmay_the_grid_octo_prize_single_spiral], layout_cave_pools,
          mainiacjoe_overflow_concentric_impassable, david_lair_shrubbed,
          minmay_fire_ice_demons, uniq_pikel

Skill      XL: |  1  2  3  4  5  6  7  8  9 10 11 |
---------------+----------------------------------+-----
Axes           | 4 6 7 8 9 11 | 11.2
Fighting       | 4 5 6 7 8 |  8.4
Shields        | 3 8 10 11 | 11.2
Armour         | 3 6 8 |  8.5
Dodging        | 3 5 7 |  7.7

Action                   |  1- 3 |  4- 6 |  7- 9 | 10-12 || total
-------------------------+-------+-------+-------+-------++-------
Melee: Hand axe          |    66 |    70 |   166 |   197 ||   499
       Headbutt          |    13 |    18 |    28 |    48 ||   107
Invok: Berserk           |     2 |     7 |     2 |     5 ||    16
       Trog's Hand       |       |       |     1 |     6 ||     7
Evoke: Wand              |       |       |       |     2 ||     2
Armor: Chain mail        |    26 |    26 |    45 |       ||    97
       Plate armour      |       |       |    29 |    60 ||    89
Dodge: Dodged            |    26 |    31 |    48 |    38 ||   143
Block: Kite shield       |       |       |    30 |   119 ||   149
